 Dungeon Crawl Stone Soup version 0.30-a0-723-gc1506a1cf0 (webtiles) character file.

Game seed: 7988110156840612751

79 Leeroy the Slasher (level 4, 0/26 HPs)
             Began as a Tengu Warper on Jan 28, 2023.
             Succumbed to an orc wizard's poison
             ... on level 3 of the Dungeon.
             The game lasted 00:02:44 (1831 turns).

Leeroy the Slasher (Tengu Warper)                   Turns: 1831, Time: 00:02:44

Health: 0/26       AC:  6    Str: 11    XL:     4   Next: 38%
Magic:  8/8        EV: 10    Int: 14    God:
Gold:   118        SH:  0    Dex: 15    Spells: 2/7 levels left

rFire   x . .      SeeInvis .    a - +0 falchion
rCold   + . .      Faith    .    (no shield)
rNeg    . . .      Spirit   .    m - +0 ring mail
rPois   .          Reflect  .    (helmet restricted)
rElec   .          Harm     .    (no cloak)
rCorr   .          Rampage  .    l - +0 pair of gloves
Will    .....                    (boots unavailable)
Stlth   +                        (no amulet)
HPRegen 0.24/turn                o - ring of ice
MPRegen 0.11/turn                (no ring)

@: lethally poisoned (0 -> -10)
A: beak, talons 3
a: no special abilities


You were on level 3 of the Dungeon.
You visited 1 branch of the dungeon, and saw 3 of its levels.

You collected 118 gold pieces.

Inventory:

Hand Weapons
 a - a +0 falchion (weapon)
Missiles
 d - 7 boomerangs of dispersal (quivered)
 r - 6 poisoned darts
Armour
 b - a +0 leather armour
 l - a +0 pair of gloves (worn)
 m - a +0 ring mail (worn)
Magical Staves
 h - a staff of fire
 q - a staff of conjuration
Jewellery
 o - a ring of ice (left hand)
 v - an amulet of magic regeneration
Scrolls
 c - a scroll of blinking
 e - 4 scrolls of identify {unknown}
 f - 2 scrolls of vulnerability {unknown}
 g - a scroll of amnesia {unknown}
 i - a scroll of teleportation {unknown}
 t - a scroll of fog {unknown}
Potions
 j - a potion of might {unknown}
 k - 2 potions of curing {unknown}
 n - 3 potions of heal wounds {unknown}
 p - a potion of attraction {unknown}
 s - a potion of haste {unknown}
 u - a potion of cancellation {unknown}


   Skills:
 - Level 2.0 Fighting
 + Level 5.0 Long Blades
 - Level 1.0 Throwing
 - Level 1.1 Armour
 - Level 2.1 Dodging
 - Level 2.0 Spellcasting
 - Level 2.4 Translocations


You had 2 spell levels left.
You knew the following spells:

 Your Spells              Type           Power      Damage    Failure   Level
a - Blink                 Tloc           16%        N/A       32%         2
b - Vhi's Electric Charg  Tloc/Air       8%         N/A       71%         3

Your spell library contained the following spells:

 Spells                   Type           Power      Damage    Failure   Level
 Lesser Beckoning         Tloc           16%        N/A       32%         2
 Freeze                   Ice            8%         1d3       50%         1
 Teleport Other           Tloc           8%         N/A       54%         3
 Frozen Ramparts          Ice            4%         1d1       86%         3
 Hailstorm                Conj/Ice       2%         3d3       86%         3
 Manifold Assault         Tloc           8%         N/A       91%         4


Dungeon Overview and Level Annotations

Branches:
Dungeon (3/15)

Altars:
Ashenzari
Yredelemnul

Shops:
D:3 [


Innate Abilities, Weirdness & Mutations

You have a beak for a mouth.
You have claws for feet.


Message History

Deactivating autopickup; reactivate with Ctrl-A.
You hit the orc. Your kick misses the orc. Your peck misses the orc.
The orc is severely wounded.
The orc hits you with a +0 hand axe. Something hits you but does no damage.
You hit the orc.
You kill the orc!
Something hits you.
You are poisoned.
The orc barely misses you.
Your Long Blades skill increases to level 5!
You closely miss the orc. Your kick misses the orc.
You feel very sick. The orc closely misses you.
Something hits you but does no damage.
The orc hits you with a +2 morningstar of holy wrath.
You are too injured to fight recklessly!
You are too injured to fight recklessly!
You are too injured to fight recklessly!
You are too injured to fight recklessly!
You are too injured to fight recklessly!
You hit the orc.
The orc is almost dead.
You feel sick. The orc hits you with a +0 club.
Something completely misses you. The orc closely misses you.
You closely miss the orc. Your kick misses the orc.
The orc is almost dead.
You feel sick. The orc hits you with a +0 club.
* * * LOW HITPOINT WARNING * * *
Something hits you.
* * * LOW HITPOINT WARNING * * *
You are more poisoned.
The orc closely misses you.
You barely miss the orc. You claw the orc!
The orc is almost dead.
* * * LOW HITPOINT WARNING * * *
You feel very sick. The orc closely misses you.
Something hits you but does no damage. The orc barely misses you.
You closely miss the orc. You claw the orc, but do no damage.
The orc is almost dead.
You die...

#.# ##>## ##.##.#
#.##8?..8# #.##.#
#.##.....# #.##.#
#.#_....._##.##.#
#.##.....###.##.#
#.##8$..8# #.##.#
########.# #.##..
.........#
##.####
......)@o#
#......
......{o.#
##.##..
........>#
#..##..
.........#
######..
..........
#.......
...?..[....
#####...
..........$ ####
............ #


You could see 2 orcs.

Vanquished Creatures
  2 adders
  A worm (D:2)
  5 dart slugs
  An orc (D:3)
  3 ball pythons (D:3)
  3 endoplasms
  2 giant cockroaches (D:1)
  4 goblins
  7 hobgoblins
  A jackal (D:2)
  4 bats
  2 frilled lizards (D:1)
  2 kobolds
  10 rats
47 creatures vanquished.

Notes
Turn   | Place    | Note
-------+----------+-------------------------------------------
     0 | D:1      | Leeroy the Tengu Warper began the quest for the Orb.
     0 | D:1      | Reached XP level 1. HP: 12/12 MP: 4/4
   120 | D:1      | Reached skill level 3 in Long Blades
   120 | D:1      | Reached XP level 2. HP: 11/17 MP: 6/6
   481 | D:1      | Reached XP level 3. HP: 21/21 MP: 7/7
   501 | D:1      | Learned a level 2 spell: Blink
   505 | D:1      | Learned a level 3 spell: Vhi's Electric Charge
   912 | D:2      | Reached skill level 4 in Long Blades
  1525 | D:3      | Reached XP level 4. HP: 25/26 MP: 8/8
  1689 | D:3      | Found Budaib's Armour Boutique.
  1804 | D:3      | Found a basalt altar of Yredelemnul.
  1806 | D:3      | Found a broken altar of Ashenzari.
  1827 | D:3      | Reached skill level 5 in Long Blades
  1830 | D:3      | HP: 1/26 [poisoned by an orc wizard]
  1831 | D:3      | Succumbed to an orc wizard's poison

Illustrated notes

Levels and vault maps discovered:
D:1:      roderic_crop_circles_arrival_small, layout_basic
D:2:      layout_basic, minmay_pentomino_o4
D:3:      minmay_octagon_keep, layout_basic, lemuel_tele_altar,
          nicolae_overflow_hidden_temple, serial_shops,
          nicolae_shop_behind_doors

Skill      XL: |  1  2  3  4 |
---------------+-------------+-----
Long Blades    | 3 4 5 |  5.0
Fighting       | |  2.0
Throwing       | |  1.0
Armour         | |  1.1
Dodging        | |  2.1
Spellcasting   | |  2.0
Translocations | |  2.4

Action                     |  1- 3 |  4- 6 || total
---------------------------+-------+-------++-------
  Melee: Falchion          |    88 |    27 ||   115
         Kick              |    17 |     8 ||    25
         Peck              |    13 |     3 ||    16
         Punch             |     1 |       ||     1
   Stab: Sleeping          |     1 |       ||     1
 Armour: Leather armour    |     8 |       ||     8
         Ring mail         |    21 |    16 ||    37
  Dodge: Dodged            |    48 |    28 ||    76

Table legend: (Time is in decaauts)
 A = Elapsed time spent in this place.
 B = Non-inter-level travel time spent in this place.
 C = Inter-level travel time spent in this place.
 D = Time resting spent in this place.
 E = Time spent auto-exploring this place.
 F = Levels seen in this place.
 G = Mean time per level.
                   A        B        C        D        E       F      G
               +--------+--------+--------+--------+--------+-----+--------+
         Total |   1841 |   1769 |     72 |      0 |   1442 |   3 |  613.7 |
       Dungeon |   1841 |   1769 |     72 |      0 |   1442 |   3 |  613.7 |
               +--------+--------+--------+--------+--------+-----+--------+

Top non-repeatable levels by time:
     D:1: 814 daAuts
     D:2: 673 daAuts
     D:3: 352 daAuts
